Map: Opérations galactiques EC

Players

Paskanus

  • Race: Terran Terran
  • League: Gold
  • Spawn Location: 7:00

zidar - Winner!

  • Race: Zerg Zerg
  • League: Platinum
  • Spawn Location: 1:00

VOD

Have the link to the VOD?

Description

Time

  • Played on: July 19, 2016, 12:04 p.m.
  • Length: 17:42
Show
View Real Time Build Order
Export as new Build Order

Paskanus Terran 

Build Orders:  

Get SALT Encoding   

  12  0:01  SCV  
  13  0:13  SCV  
  14  0:25  SCV, Supply Depot  
  15  0:40  Refinery  
  15  0:47  SCV  
  15  0:49  Barracks  
  16  0:59  SCV  
  17  1:07  Supply Depot  
  17  1:21  SCV  
  18  1:38  Reaper  
  19  1:43  Orbital Command  
  19  1:48  Barracks  
  19  1:51  Refinery  
  19  1:56  Barracks  
  19  2:13  SCV  
  20  2:25  SCV, Bunker  
  21  2:32  Factory  
  21  2:37  SCV  
  21  2:40  Barracks Tech Lab  
  21  2:41  Barracks Reactor  
  21  3:12  Barracks Tech Lab  
  21  3:15  Marauder  
  21  3:16  Concussive Shells  
  25  3:22  Marine x2  
  25  3:25  Widow Mine  
  25  3:26  SCV  
  27  3:31  Engineering Bay  
  27  3:35  Marine, Starport  
  27  3:36  Marine  
  27  3:41  SCV  
  30  3:42  Marine  
  31  3:50  Supply Depot  
  31  4:11  Marine  
  31  4:12  Marauder x2, Medivac  
  31  4:16  Supply Depot  
  38  4:29  Marine x2  
  40  4:32  Stimpack  
  40  4:33  Marauder  
  42  4:45  Terran Infantry Weapons Level 1  
  42  4:55  Starport Reactor  
  42  5:03  Marine, Marauder  
  42  5:04  Marine  
  42  5:05  Marauder  
  42  5:06  Hellion  
  50  5:08  SCV  
  51  5:21  Combat Shield, SCV  
  52  5:58  Marine, Marauder  
  52  6:04  Marine  
  55  6:05  Marauder  
  44  6:20  Marauder  
  44  6:25  Liberator  
  46  6:26  Marauder  
  48  6:39  Command Center, Terran Infantry Armor Level 1  
  51  6:48  Factory Reactor  
  51  6:56  Armory  
  51  6:58  Marine  
  51  6:59  Marine x3  
  53  7:16  Marine  
  53  7:18  Marine x2  
  53  7:19  Marine  
  57  7:40  Medivac x2  
  57  7:43  Hellion  
  63  7:50  Marine x4, Hellion  
  69  7:59  Refinery  
  69  8:08  Marine, Marauder x2  
  69  8:10  Refinery  
  74  8:14  Supply Depot  
  74  8:28  Orbital Command  
  78  8:43  Hellbat x2  
  78  8:46  Marine  
  79  9:03  Terran Infantry Weapons Level 2  
  79  9:05  SCV  
  80  9:14  SCV  
  80  9:15  Starport Tech Lab  
  81  9:26  SCV  
  82  9:33  Hellbat x2  
  86  9:39  SCV  
  87  10:15  Liberator  
  48  10:34  Marine, Marauder  
  54  10:40  SCV  
  55  10:47  Hellbat  
  55  10:48  Hellbat  
  59  10:52  SCV  
  59  10:54  Factory  
  59  10:55  Marine x4  
  64  10:58  Liberator  
  64  11:04  SCV  
  65  11:12  Marine  
  69  11:21  Missile Turret  
  69  11:50  Orbital Command  
  69  11:58  Factory Tech Lab, Raven  
  71  12:02  Marine, Marauder x2  
  76  12:23  Refinery  
  76  12:24  Marine x4, Liberator, Missile Turret  
  76  12:26  Infernal Pre-Igniter  
  76  12:28  Thor  
  86  12:37  SCV  
  90  12:49  Marine, SCV  
  92  12:52  Hellbat x2  
  92  12:57  Marine  
  92  12:58  Marine  
  98  13:01  SCV  
  99  13:13  SCV  
  100  13:25  SCV  
  101  13:32  Supply Depot  
  101  13:37  Liberator, SCV  
  102  13:43  Terran Infantry Weapons Level 3  
  102  13:44  Supply Depot  
  102  13:52  Refinery  
  102  13:54  Marine x3  
  108  14:00  Marine  
  108  14:01  Thor  
  115  14:04  Hellbat  
  115  14:06  Hellbat  
  115  14:08  Supply Depot  
  115  14:09  Supply Depot  
  119  14:15  Marine  
  120  14:20  Liberator  
  120  14:25  Marine x3  
  120  14:26  Hellbat  
  120  14:27  Hellbat  
  127  14:33  Marine  
  131  14:41  Terran Vehicle Weapons Level 1  
  131  14:48  Marine, Hellbat x2  
  131  14:49  Marine x2  
  131  14:51  Marine  
  139  15:04  Supply Depot  
  139  15:05  Supply Depot  
  139  15:06  Marine x2  
  142  15:07  Marauder  
  142  15:09  Marine  
  144  15:26  Starport  
  144  15:41  Hellbat  
  144  15:42  Hellbat  
  148  15:45  Command Center  
  148  15:51  SCV  
  148  15:52  Starport Reactor  
  149  16:02  Marine, Marauder  
  149  16:03  SCV  
  153  16:05  Thor  
  153  16:06  Hellbat  
  161  16:16  SCV  
Show
View Real Time Build Order
Export as new Build Order

zidar Zerg - Winner!

Build Orders: Hatch First, Muta Ling Bane 

Get SALT Encoding   

  12  0:01  Drone  
  13  0:12  Overlord  
  13  0:17  Drone  
  14  0:31  Drone x2  
  16  0:52  Hatchery  
  16  0:53  Drone  
  16  0:57  Extractor  
  16  0:59  Drone  
  16  1:16  Spawning Pool  
  15  1:20  Drone  
  15  1:23  Drone  
  17  1:27  Drone  
  17  1:31  Drone  
  19  1:42  Overlord  
  19  2:03  Queen x2  
  19  2:06  Zergling x2  
  24  2:09  Zergling x2  
  25  2:18  Metabolic Boost  
  25  2:20  Zergling x2  
  26  2:54  Zergling x12  
  31  3:29  Queen  
  31  3:31  Queen  
  31  3:32  Baneling Nest  
  34  4:03  Drone  
  34  4:06  Overlord x4  
  35  4:24  Drone x8  
  35  4:25  Drone x2  
  35  4:29  Lair  
  45  4:32  Extractor  
  45  4:33  Drone x2  
  46  4:55  Extractor  
  46  4:57  Extractor  
  44  5:05  Spore Crawler  
  43  5:07  Spore Crawler  
  43  5:11  Spore Crawler  
  43  5:14  Spore Crawler  
  40  5:31  Zergling x8  
  40  5:32  Zergling x24  
  40  6:08  Zergling x22  
  49  6:12  Queen  
  49  6:16  Centrifical Hooks  
  49  6:25  Overseer  
  48  7:12  Zergling x2  
  48  7:13  Zergling x24  
  56  7:37  Drone x6  
  62  8:00  Hatchery  
  61  8:07  Spire  
  60  8:13  Drone x6  
  60  8:15  Zergling x2  
  60  8:18  Baneling x16  
  67  8:29  Overlord x3  
  67  8:46  Pneumatized Carapace  
  67  8:52  Zergling x8  
  67  8:53  Zergling x10  
  76  9:22  Mutalisk  
  76  9:23  Mutalisk x2  
  82  9:25  Hatchery, Evolution Chamber  
  82  9:26  Evolution Chamber, Baneling  
  82  9:27  Baneling  
  79  9:35  Queen  
  81  9:46  Zergling x10  
  81  9:47  Zergling x2  
  87  10:02  Zergling x4  
  87  10:05  Baneling x10  
  65  10:30  Mutalisk  
  65  10:31  Mutalisk  
  69  10:39  Drone x10  
  79  10:58  Mutalisk x2  
  79  10:59  Extractor  
  79  11:00  Extractor  
  79  11:02  Zergling x2  
  79  11:03  Zergling x8  
  86  11:40  Drone x6  
  86  11:41  Drone x3  
  86  11:45  Overlord x2  
  86  11:46  Overlord  
  95  11:58  Zerg Melee Weapons Level 1  
  95  11:59  Zerg Ground Armor Level 1  
  95  12:01  Zerg Flyer Weapons Level 1  
  95  12:04  Mutalisk x4  
  103  12:46  Corruptor x2  
  103  12:47  Corruptor x2  
  111  12:57  Overlord x3  
  111  12:58  Overlord  
  111  12:59  Overlord x2  
  111  13:22  Drone x4  
  115  13:30  Drone x3  
  115  13:31  Drone x2  
  120  13:40  Infestation Pit  
  119  14:12  Zerg Ground Armor Level 2, Zerg Melee Weapons Level 2  
  119  14:15  Extractor  
  119  14:16  Extractor, Hive  
  117  14:30  Zergling x2  
  117  14:31  Zergling x46  
  128  14:32  Zergling x2  
  128  14:35  Overlord x2  
  128  14:36  Overlord  
  142  14:39  Overseer x3  
  142  15:08  Spire  
  141  15:14  Baneling x2  
  141  15:15  Baneling x11  
  141  15:16  Baneling x2  
  141  15:47  Hatchery  
  140  15:50  Greater Spire  
  140  15:56  Corruptor  
  140  15:57  Corruptor x4  
  140  16:01  Ultralisk Cavern  
  140  16:02  Adrenal Glands  
  147  16:54  Zergling x2  
  147  16:55  Zergling x48  
  147  16:56  Zergling x8  
  147  16:58  Baneling x16  
  147  16:59  Baneling x7  
  161  17:18  Overlord x4  
Tags
 
Add a new tag
Caveats
  • Supply blocks, unpowered buildings, or Contaminate may cause inaccurate times.
  • Supply counts are checked every 10 seconds.